Map: Newkirk Precinct TE (Void)

Players

Fropez - Winner!

  • Race: Protoss Protoss
  • League: Platinum
  • Spawn Location: 5:00

Testament

  • Race: Protoss Protoss
  • League: Silver
  • Spawn Location: 7:00

VOD

Have the link to the VOD?

Description

Time

  • Played on: Jan. 26, 2017, 11:25 a.m.
  • Length: 11:22
Show
View Real Time Build Order
Export as new Build Order

Fropez Protoss - Winner!

Build Orders: 1 Gate Expand 

Get SALT Encoding   

  12  0:01  Probe (Chrono Boost)  
  13  0:11  Probe (Chrono Boost)  
  14  0:22  Pylon, Probe (Chrono Boost)  
  15  0:40  Probe (Chrono Boost)  
  16  0:42  Gateway  
  16  0:47  Assimilator  
  16  0:50  Probe (Chrono Boost)  
  17  1:01  Probe (Chrono Boost)  
  18  1:11  Probe (Chrono Boost)  
  19  1:22  Probe (Chrono Boost)  
  19  1:25  Nexus  
  21  1:32  Probe (Chrono Boost)  
  21  1:36  Assimilator  
  21  1:45  Probe (Chrono Boost)  
  22  1:56  Cybernetics Core  
  22  2:00  Pylon  
  22  2:04  Pylon  
  22  2:06  Probe (Chrono Boost)  
  23  2:21  Gateway  
  23  2:26  Gateway, Warp Gate  
  24  2:34  Mothership Core (Chrono Boost)  
  25  2:37  Probe (Chrono Boost)  
  26  2:44  Adept  
  26  2:49  Probe (Chrono Boost)  
  29  2:52  Probe (Chrono Boost)  
  30  3:01  Probe (Chrono Boost)  
  30  3:03  Probe (Chrono Boost)  
  32  3:09  Adept  
  34  3:13  Probe (Chrono Boost)  
  34  3:16  Probe (Chrono Boost)  
  34  3:18  Pylon  
  35  3:21  Adept  
  35  3:23  Adept  
  39  3:31  Pylon  
  39  3:32  Probe (Chrono Boost)  
  40  3:41  Twilight Council  
  40  3:44  Adept  
  42  3:48  Adept  
  42  3:52  Adept  
  46  3:56  Probe (Chrono Boost)  
  46  4:02  Pylon  
  47  4:04  Probe (Chrono Boost)  
  48  4:16  Resonating Glaives  
  50  4:25  Probe x2 (Chrono Boost)  
  50  4:28  Assimilator  
  50  4:29  Pylon  
  50  4:32  Stalker x2  
  50  4:37  Probe x2 (Chrono Boost)  
  56  4:51  Stalker  
  60  4:53  Probe x2 (Chrono Boost)  
  60  4:55  Pylon  
  60  5:00  Gateway, Stalker  
  60  5:05  Probe (Chrono Boost)  
  63  5:35  Stalker x3  
  58  5:43  Blink  
  58  5:54  Probe (Chrono Boost)  
  60  6:01  Adept x3  
  65  6:14  Gateway  
  65  6:16  Nexus  
  62  6:28  Pylon  
  58  6:34  Pylon  
  58  6:35  Pylon  
  58  6:37  Mothership Core (Chrono Boost)  
  58  6:50  Gateway  
  58  6:52  Pylon  
  58  7:03  Stalker  
  60  7:13  Stalker  
  62  7:28  Probe (Chrono Boost)  
  63  7:40  Probe (Chrono Boost)  
  62  7:47  Pylon  
  62  7:49  Assimilator  
  62  7:50  Stalker x2  
  66  8:11  Probe (Chrono Boost)  
  67  8:22  Stalker x2  
  67  8:23  Stalker x2  
  73  8:40  Forge  
  69  8:54  Pylon, Stalker x3  
  75  8:56  Pylon  
  67  9:22  Stalker x3  
  67  9:35  Cybernetics Core  
  67  9:38  Gateway  
  67  9:41  Gateway  
  67  9:43  Pylon  
  67  9:47  Pylon  
  51  10:21  Pylon  
  51  10:25  Assimilator  
  50  10:32  Mothership Core (Chrono Boost)  
  52  10:51  Probe (Chrono Boost)  
  52  10:56  Stalker x3  
  59  11:04  Pylon, Probe (Chrono Boost)  
  60  11:08  Gateway  
  60  11:09  Gateway  
  60  11:10  Dark Shrine  
  60  11:11  Gateway  
Show
View Real Time Build Order
Export as new Build Order

Testament Protoss 

Build Orders:  

Get SALT Encoding   

  12  0:02  Probe (Chrono Boost)  
  13  0:16  Pylon  
  13  0:18  Probe (Chrono Boost)  
  14  0:30  Probe (Chrono Boost)  
  14  0:35  Gateway  
  15  0:42  Assimilator  
  15  0:46  Probe (Chrono Boost)  
  16  0:56  Probe (Chrono Boost)  
  17  1:05  Gateway  
  17  1:11  Assimilator  
  17  1:13  Probe (Chrono Boost)  
  18  1:28  Cybernetics Core  
  18  1:35  Probe (Chrono Boost)  
  19  1:45  Probe (Chrono Boost)  
  20  1:51  Warp Gate  
  20  1:57  Probe (Chrono Boost)  
  21  2:04  Pylon  
  22  2:09  Probe (Chrono Boost)  
  22  2:21  Probe (Chrono Boost)  
  22  2:22  Adept x2  
  27  2:28  Pylon  
  29  2:39  Mothership Core (Chrono Boost)  
  29  2:49  Gateway  
  29  3:16  Robotics Facility  
  29  3:29  Probe (Chrono Boost)  
  30  3:41  Probe (Chrono Boost)  
  31  3:47  Nexus  
  31  3:49  Pylon  
  31  3:53  Probe (Chrono Boost)  
  32  4:05  Forge, Probe (Chrono Boost)  
  32  4:08  Twilight Council  
  33  4:12  Pylon  
  34  4:18  Probe (Chrono Boost)  
  34  4:26  Immortal  
  38  4:37  Protoss Ground Weapons Level 1  
  38  4:43  Sentry  
  40  4:53  Stalker  
  40  4:57  Stalker  
  44  5:07  Stalker  
  41  5:26  Adept x2  
  29  5:42  Adept  
  28  5:59  Stalker x2  
  32  6:23  Adept x2  
  35  6:41  Stalker  
  37  6:55  Stalker  
  40  7:02  Probe (Chrono Boost)  
  40  7:14  Observer, Probe (Chrono Boost)  
  41  7:18  Stalker  
  41  7:21  Stalker  
  46  7:29  Probe (Chrono Boost)  
  45  7:43  Adept x2  
  49  7:51  Adept  
  49  7:57  Probe (Chrono Boost)  
  52  8:09  Probe (Chrono Boost)  
  52  8:34  Probe (Chrono Boost)  
  52  8:36  Probe (Chrono Boost)  
  51  8:46  Probe x2 (Chrono Boost)  
  53  8:52  Stalker x2  
  57  8:58  Probe (Chrono Boost), Stalker  
  57  9:13  Probe (Chrono Boost)  
  36  10:14  Pylon  
  36  10:18  Pylon  
  30  10:21  Pylon  
  30  10:23  Pylon  
  30  10:26  Pylon  
  26  10:37  Immortal  
  26  10:40  Stalker x2  
  35  10:51  Probe (Chrono Boost)  
  35  10:57  Stalker  
  35  10:59  Gateway  
  35  11:00  Gateway  
  35  11:03  Probe (Chrono Boost)  
Tags
 
Add a new tag
Caveats
  • Supply blocks, unpowered buildings, or Contaminate may cause inaccurate times.
  • Supply counts are checked every 10 seconds.